 Dungeon Crawl Stone Soup version 0.28.0-45-g0d030f2227 (webtiles) character file.

Game seed: 2412328873692216539

36584 raph the Severer (level 13, -2/114 HPs)
             Began as a Deep Dwarf Necromancer on May 27, 2022.
             Was an Elder of Makhleb.
             Slain by an eight-headed hydra (5 damage)
             ... on level 5 of the Lair of Beasts.
             The game lasted 00:42:55 (24274 turns).

raph the Severer (Deep Dwarf Necromancer)          Turns: 24274, Time: 00:42:56

Health: -2/114     AC: 14    Str: 13    XL:     13   Next: 53%
Magic:  14/31 (22) EV: 14    Int: 18    God:    Makhleb [****..]
Gold:   303        SH:  0    Dex: 15    Spells: 3/24 levels left

rFire   + . .      SeeInvis +   b - +10 hunting sling of Distant Worlds {vorpal, rF+}
rCold   . . .      Faith    .   (no shield)
rNeg    . . .      Spirit   .   w - +5 robe of Night {Dark Will+ SInv}
rPois   .          Reflect  .   Q - +0 helmet
rElec   .          Harm     .   A - +1 cloak
rCorr   +          Rampage  .   y - +1 pair of gloves {Stlth+}
Will    ++...                   p - +1 pair of boots
Stlth   +++++.....              (no amulet)
HPRegen 0.00/turn               c - ring of magical power
MPRegen 0.22/turn               C - ring of resist corrosion

@: no status effects
A: damage resistance, heal wounds, sense surroundings 2, no regeneration
a: Heal Wounds, Renounce Religion, Minor Destruction, Lesser Servant of Makhleb,
Major Destruction


You were on level 5 of the Lair of Beasts.
You worshipped Makhleb.
Makhleb was greatly pleased with you.
You visited 3 branches of the dungeon, and saw 17 of its levels.

You collected 1879 gold pieces.
You spent 1576 gold pieces at shops.

Inventory:

Hand Weapons
 a - a +7 executioner's axe of freezing
 b - the +10 hunting sling of Distant Worlds (weapon) {vorpal, rF+}
   (You found it on level 9 of the Dungeon)

   Any ammunition fired from it inflicts extra damage upon your enemies.
   rF:        It protects you from fire.
 d - a +0 battleaxe
 x - a +1 war axe
 E - a +3 battleaxe
Missiles
 j - 16 poisoned darts
 m - 13 boomerangs
 I - 426 stones
 P - 57 sling bullets (quivered ammo)
Armour
 l - a +3 leather armour of willpower
 p - a +1 pair of boots (worn)
 s - the +3 leather armour of the Ego {Fly rC- Str+3}
   (You took it off a goblin on level 3 of the Dungeon)

   Str:       It affects your strength (+3).
   rC:        It makes you vulnerable to cold.
   Fly:       It grants you flight.
 w - the +5 robe of Night (worn) {Dark Will+ SInv}
   (You bought it in a shop on level 3 of the Dungeon)

   It shrouds the wearer in darkness, reducing the range at which they can see
   and be seen by others.
   SInv:      It lets you see invisible.
   Will:      It increases your willpower.
 y - a +1 pair of gloves of stealth (worn)
 A - a +1 cloak (worn)
 F - +0 acid dragon scales
 Q - a +0 helmet (worn)
Magical Staves
 D - a staff of earth
Jewellery
 c - a ring of magical power (left hand)
 C - a ring of resist corrosion (right hand)
 K - a ring of willpower
 O - a ring of fire
 R - an amulet of guardian spirit
 S - a ring of wizardry
Wands
 k - a wand of paralysis (10)
 H - a wand of polymorph (15)
 L - a wand of mindburst (3)
 N - a wand of iceblast (9)
Scrolls
 g - 3 scrolls of identify
 i - a scroll of holy word
 n - 3 scrolls of amnesia
 B - 3 scrolls of fog
 G - 5 scrolls of teleportation
 M - 6 scrolls of blinking
Potions
 e - 3 potions of magic
 f - 2 potions of resistance
 h - 5 potions of haste
 o - 2 potions of might
 q - 3 potions of mutation
 r - 5 potions of curing
 t - 3 potions of berserk rage
 u - 2 potions of flight
 v - a potion of invisibility
 z - 3 potions of heal wounds
 J - 2 potions of brilliance
Miscellaneous
 T - a condenser vane


   Skills:
 - Level 6.6 Fighting
 * Level 18.2 Axes
 - Level 6.0 Dodging
 - Level 7.2 Stealth
 - Level 6.0 Spellcasting
 - Level 12.4 Necromancy
 - Level 0.4 Ice Magic
 - Level 6.0 Invocations


You had 3 spell levels left.
You knew the following spells:

 Your Spells              Type           Power      Damage    Failure   Level
a - Pain                  Necr           100%       1d9       1%          1
b - Animate Skeleton      Necr           100%       N/A       1%          1
c - Vampiric Draining     Necr           50%        2d9       1%          3
d - Animate Dead          Necr           25%        N/A       1%          4
e - Agony                 Necr           50%        N/A       1%          5
f - Anguish               Hex/Necr       13%        N/A       10%         4
g - Ozocubu's Armour      Ice            6%         N/A       30%         3

Your spell library contained the following spells:

 Spells                   Type           Power      Damage    Failure   Level
 Apportation              Tloc           10%        N/A       12%         1
 Scorch                   Fire           10%        2d5       19%         2
 Gell's Gravitas          Tloc           5%         N/A       34%         3
 Lesser Beckoning         Tloc           5%         N/A       34%         3
 Teleport Other           Tloc           5%         N/A       34%         3
 Airstrike                Air            2%         N/A       75%         4
 Flame Wave               Conj/Fire      5%         2d5       75%         4
 Leda's Liquefaction      Hex/Erth       2%         N/A       75%         4
 Summon Lightning Spire   Summ/Air       5%         N/A       75%         4
 Simulacrum               Ice/Necr       14%        N/A       78%         6
 Alistair's Intoxication  Tmut/Pois      3%         N/A       97%         5
 Fireball                 Conj/Fire      2%         3d4       97%         5
 Lee's Rapid Deconstruct  Erth           2%         3d6*      97%         5
 Lightning Bolt           Conj/Air       2%         1d14      97%         5
 Metabolic Englaciation   Hex/Ice        3%         N/A       97%         5
 Starburst                Conj/Fire      2%         6d3       100%        6
 Statue Form              Tmut/Erth      3%         N/A       100%        6
 Summon Cactus Giant      Summ           2%         N/A       100%        6
 Haunt                    Necr/Summ      13%        N/A       100%        7
 Ignition                 Fire           2%         3d3       100%        8


Dungeon Overview and Level Annotations

Branches:
Dungeon (11/15)            Temple (1/1) D:7            Lair (5/6) D:11
 Shoals (0/4) Lair:2        Snake (0/4) Lair:2          Orc (0/2) D:11
  Slime: Lair:5-6

Altars:
Ashenzari
Cheibriados
Dithmenos
Elyvilon
Fedhas
Gozag
Hepliaklqana
Kikubaaqudgha
Makhleb
Nemelex Xobeh
Okawaru
Qazlal
Ru
Sif Muna
Trog
Uskayaw
Vehumet
Wu Jian
Xom
Yredelemnul
Zin
The Shining One

Shops:
D:3 ![?   D:9 !

Annotations:
Lair:2 2 transporters


Innate Abilities, Weirdness & Mutations

You are resistant to damage.
You can heal yourself by infusing magical energy.
You passively map the area around you.
You do not regenerate.


Message History

The eight-headed hydra convulses!
The eight-headed hydra bites you but does no damage.
The eight-headed hydra bites you! x2; The eight-headed hydra bites you.
The eight-headed hydra bites you!
* * * LOW HITPOINT WARNING * * *
The eight-headed hydra barely misses you.
The eight-headed hydra bites you.
The eight-headed hydra bites you but does no damage.
Casting: Agony (dangerous; 1% risk of failure)
Confirm with . or Enter, or press ? or * to list all spells.
Aiming: Agony (dangerous; 1% risk of failure)
Press: ? - help, Shift-Dir - straight line, f/p - eight-headed hydra
Aim: an eight-headed hydra (severely wounded, chance to affect: 85%)
The eight-headed hydra convulses!
The eight-headed hydra bites you but does no damage.
The eight-headed hydra closely misses you.
The eight-headed hydra barely misses you.
The eight-headed hydra bites you.
* * * LOW HITPOINT WARNING * * *
The eight-headed hydra misses you. The eight-headed hydra bites you.
* * * LOW HITPOINT WARNING * * *
The eight-headed hydra bites you!
* * * LOW HITPOINT WARNING * * *
The eight-headed hydra bites you but does no damage.
Casting: Agony (dangerous; 1% risk of failure)
Confirm with . or Enter, or press ? or * to list all spells.
Aiming: Vampiric Draining (safe; 1% risk of failure)
Press: ? - help, Shift-Dir - straight line, f/p - eight-headed hydra
Aim: an eight-headed hydra (almost dead)
You draw life force from the eight-headed hydra!
You feel life coursing into your body. The eight-headed hydra misses you.
The eight-headed hydra bites you!
* * * LOW HITPOINT WARNING * * *
The eight-headed hydra bites you.
* * * LOW HITPOINT WARNING * * *
The eight-headed hydra closely misses you.
The eight-headed hydra bites you!
* * * LOW HITPOINT WARNING * * *
The eight-headed hydra bites you. x2
You die...

,.........### *
...........#
#..........#.#
#..........#.#
##.........####
#.....[....#
*#.......###
#......#
##.@..##
###D##* #(..
##..# *(P# .(#
, , *


You could see an eight-headed hydra.

Vanquished Creatures
  4 hydras
  A centaur warrior (D:11)
  A two-headed ogre (D:8)
  5 death yaks
  2 oklob plants (D:11)
  An ugly thing (D:11)
  A manticore (D:11)
  3 black mambas
  An elephant (Lair:5)
  12 cane toads
  A rime drake (Lair:3)
  Psyche (D:11)
  7 komodo dragons
  A merfolk (Lair:2)
  14 blink frogs
  A polar bear (Lair:4)
  2 hornets
  4 shadows
  2 wyverns
  22 yaks
  2 wraiths (D:11)
  A basilisk (Lair:2)
  A steam dragon (Lair:3)
  Edmund (D:5)
  2 acid dragons
  2 nagas (Lair:2)
  A swamp worm (Lair:5)
  11 water moccasins
  2 ice beasts
  2 orc warriors
  3 black bears
  A necrophage (D:8)
  A sky beast (D:7)
  3 centaurs
  2 ogres
  11 wolves
  A phantom (D:5)
  2 kobold brigands
  A gnoll sergeant (D:7)
  11 bullfrogs
  3 scorpions
  3 troll zombies (D:11)
  A water moccasin skeleton (D:6)
  4 killer bees (D:9)
  2 wights (D:7)
  5 electric eels
  2 howler monkeys
  5 centaur zombies
  10 orc priests
  Crazy Yiuf (D:6)
  3 bullfrog skeletons
  2 centaur skeletons
  A hound (D:6)
  4 iguanas
  4 orc wizards
  3 ogre zombies (D:11)
  3 howler monkey zombies
  5 gnolls
  6 adders
  2 white imps (D:5)
  An ufetubus (D:4)
  An adder skeleton (D:5)
  A worm (D:2)
  32 orcs
  6 ball pythons
  4 bats
  6 endoplasms
  4 giant cockroaches
  4 goblins
  8 hobgoblins
  6 quokkas
  7 frilled lizards
  A goblin skeleton (D:11)
  A goblin zombie (D:11)
  2 hobgoblin skeletons (D:11)
  11 kobolds
  3 orc skeletons (D:11)
  12 orc zombies (D:11)
  3 rats
329 creatures vanquished.

Vanquished Creatures (collateral kills)
  A hydra (Lair:2)
  3 elephants (Lair:5)
  A komodo dragon (Lair:4)
  A blink frog (Lair:2)
  A bullfrog (Lair:4)
  An electric eel (Lair:4)
  An orc wizard (D:9)
  A dart slug (D:4)
  An endoplasm (D:1)
11 creatures vanquished.

Vanquished Creatures (others)
  A boulder beetle (Lair:2)
  3 komodo dragons
  4 yaks
  A naga (Lair:2)
  18 fungi
  92 plants
119 creatures vanquished.

Grand Total: 459 creatures vanquished

Notes
Turn   | Place    | Note
-------+----------+-------------------------------------------
     0 | D:1      | raph the Deep Dwarf Necromancer began the quest for the
                  | Orb.
     0 | D:1      | Reached XP level 1. HP: 15/15 MP: 3/3
    30 | D:1      | Learned a level 1 spell: Animate Skeleton
   344 | D:1      | Reached XP level 2. HP: 19/24 MP: 4/4
  1131 | D:2      | Reached XP level 3. HP: 21/30 MP: 6/6
  1135 | D:2      | Learned a level 3 spell: Vampiric Draining
  1467 | D:2      | Reached skill level 1 in Fighting
  1679 | D:2      | Found a faded altar of an unknown god.
  1819 | D:2      | Reached skill level 5 in Necromancy
  2040 | D:3      | Reached XP level 4. HP: 38/38 MP: 7/7
  2111 | D:3      | Found Regunaq's Armour Emporium.
  2116 | D:3      | Found Umatueb's Distillery.
  2122 | D:3      | Bought 2 potions of curing for 66 gold pieces
  2212 | D:3      | Identified the +3 leather armour of the Ego {Fly rC- Str+3}
  2433 | D:3      | Found Xiowee's Magic Scroll Shoppe.
  2525 | D:3      | You are sucked into a shaft and drop 2 floors!
  2525 | D:5      | Entered Level 5 of the Dungeon
  2582 | D:4      | Reached skill level 1 in Axes
  2717 | D:4      | Reached XP level 5. HP: 35/44 MP: 4/8
  4216 | D:4      | Reached skill level 2 in Axes
  4222 | D:4      | Reached XP level 6. HP: 30/52 MP: 0/10
  4507 | D:4      | Learned a level 4 spell: Animate Dead
  4526 | D:4      | Got Momal's Incunabulum of the Frostbite and Evil Magic
  5047 | D:5      | Reached skill level 3 in Axes
  5259 | D:5      | Reached XP level 7. HP: 35/60 MP: 11/11
  5344 | D:5      | Noticed Edmund
  5354 | D:5      | Killed Edmund
  6202 | D:6      | Reached skill level 4 in Axes
  6539 | D:6      | Reached XP level 8. HP: 44/68 MP: 12/12
  6587 | D:6      | Reached skill level 5 in Stealth
  6790 | D:6      | Identified 3 scrolls of acquirement
  6790 | D:6      | Acquired a +3 executioner's axe of freezing
  6793 | D:6      | Acquired a +1 pair of gloves of stealth
  6805 | D:6      | Acquired 933 gold pieces
  6912 | D:3      | Bought the +5 robe of Night {Dark Will+ SInv} for 840 gold
                  | pieces
  6912 | D:3      | Found the +5 robe of Night {Dark Will+ SInv}
  6927 | D:3      | Bought a potion of haste for 110 gold pieces
  6927 | D:3      | Bought 2 potions of heal wounds for 110 gold pieces
  7461 | D:6      | Found a runed translucent door.
  7463 | D:6      | Noticed Crazy Yiuf
  7471 | D:6      | Killed Crazy Yiuf
  7472 | D:6      | Reached skill level 5 in Axes
  8144 | D:7      | Reached skill level 6 in Axes
  8164 | D:7      | Reached skill level 7 in Axes
  8164 | D:7      | Gained mutation: You passively map the area around you.
                  | [Deep Dwarf growth]
  8164 | D:7      | Reached XP level 9. HP: 47/75 MP: 8/14
  8317 | D:6      | Reached skill level 5 in Fighting
  8317 | D:6      | Reached skill level 10 in Axes
  8317 | D:6      | Reached skill level 5 in Spellcasting
  8317 | D:6      | Reached skill level 10 in Necromancy
  8317 | D:6      | Reached XP level 10. HP: 27/88 MP: 18/18
  8594 | D:7      | Reached skill level 11 in Axes
  9053 | D:7      | Found a staircase to the Ecumenical Temple.
  9061 | Temple   | Entered the Ecumenical Temple
  9074 | Temple   | Became a worshipper of Makhleb the Destroyer
  9406 | D:7      | Learned a level 5 spell: Agony
  9411 | D:7      | Learned a level 4 spell: Anguish
  9779 | D:8      | Noticed a two-headed ogre
  9797 | D:8      | Killed a two-headed ogre
 11351 | D:9      | Identified the +10 hunting sling of Distant Worlds {vorpal,
                  | rF+}
 11493 | D:9      | Reached * piety under Makhleb
 11731 | D:9      | Identified the +8 long sword of Dawn {elec, Will+ Int+4}
 12270 | D:9      | Found Qaxinurgh's Distillery.
 12277 | D:9      | Bought a potion of heal wounds for 60 gold pieces
 12277 | D:9      | Bought a potion of magic for 96 gold pieces
 12277 | D:9      | Bought a potion of brilliance for 48 gold pieces
 12442 | D:10     | Entered Level 10 of the Dungeon
 12687 | D:10     | Found a basalt altar of Yredelemnul.
 12850 | D:10     | Reached skill level 12 in Axes
 12850 | D:10     | Reached XP level 11. HP: 95/96 MP: 19/19
 13593 | D:11     | Noticed Psyche
 13599 | D:11     | Killed Psyche
 13703 | D:11     | Noticed a white ugly thing
 13713 | D:11     | Killed a white ugly thing
 13724 | D:11     | Found a staircase to the Orcish Mines.
 13750 | D:11     | Reached ** piety under Makhleb
 15004 | D:11     | Reached skill level 1 in Invocations
 15239 | D:11     | Found a staircase to the Lair.
 15241 | D:11     | Noticed an oklob plant
 15241 | D:11     | Noticed an oklob plant
 15500 | D:11     | Noticed a centaur warrior
 15511 | D:11     | Killed a centaur warrior
 15948 | D:11     | Killed an oklob plant
 15949 | D:11     | Reached skill level 5 in Dodging
 15951 | D:11     | Killed an oklob plant
 16055 | Lair:1   | Entered Level 1 of the Lair of Beasts
 16277 | Lair:1   | Reached skill level 13 in Axes
 16797 | D:3      | Bought a scroll of enchant weapon for 82 gold pieces
 16797 | D:3      | Bought a scroll of enchant weapon for 82 gold pieces
 16797 | D:3      | Bought a scroll of blinking for 82 gold pieces
 17276 | Lair:1   | Reached XP level 12. HP: 46/105 MP: 19/21
 17576 | Lair:1   | Noticed an eight-headed hydra
 17584 | Lair:1   | Killed an eight-headed hydra
 17764 | Lair:1   | Reached skill level 5 in Invocations
 17767 | Lair:1   | Reached *** piety under Makhleb
 18457 | Lair:2   | Learned a level 3 spell: Ozocubu's Armour
 18747 | Lair:2   | Found a staircase to the Snake Pit.
 18866 | Lair:2   | Reached skill level 14 in Axes
 19216 | Lair:2   | Noticed a boulder beetle
 19221 | Lair:2   | Noticed a seven-headed hydra
 19232 | Lair:2   | Killed a seven-headed hydra
 19234 | Lair:2   | Killed a boulder beetle
 19663 | Lair:2   | Found a transporter.
 19878 | Lair:2   | Reached skill level 15 in Axes
 19963 | Lair:2   | Found a staircase to the Shoals.
 20115 | Lair:2   | Found a transporter.
 20600 | Lair:3   | Paralysed by a hornet for 1 turns
 21416 | Lair:3   | Reached skill level 16 in Axes
 21420 | Lair:3   | Reached XP level 13. HP: 114/114 MP: 11/22
 22563 | Lair:4   | Reached **** piety under Makhleb
 22884 | Lair:4   | Reached skill level 17 in Axes
 23988 | Lair:5   | Reached skill level 18 in Axes
 24274 | Lair:5   | HP: 3/114 [eight-headed hydra (11)]
 24274 | Lair:5   | Slain by an eight-headed hydra

Illustrated notes

Levels and vault maps discovered:
D:1:      sevenhm_arrival_forest_fort_small_3, layout_rooms
D:2:      layout_loops_cross, hellmonk_ecumenical_altar_prayer_group
D:3:      layout_loops_cross, serial_shops, nicolae_shop_stone, shop, shop,
          chequers_serial_rivers_marsh, kennysheep_generic_room_8
D:4:      layout_basic, chequers_serial_rivers_room_a, minivault_24,
          kennysheep_small_square
D:5:      layout_gridville, hangedman_decor_diamond_cutter, uniq_edmund
D:6:      layout_loops_ring, uniq_crazy_yiuf_cottage
D:7:      layout_loops_ring, minmay_temple_entry_trees, minivault_5,
          kennysheep_generic_room_7
D:8:      layout_loops_ring, serial_bayou_lake_a
D:9:      layout_long_grid, serial_shops, nicolae_shop_stone
D:10:     layout_long_grid, kennysheep_mini, minivault_24, serial_park_tiny_2
D:11:     layout_roguey, dpeg_oklobed_lair, zombieorc1_lemuel, uniq_psyche
Temple:   compressed_dpeg_circular_temple
Lair:1:   layout_chaotic_city, grunt_megastairs_1, lemuel_fruit_tree
Lair:2:   gammafunk_worm_tunnel, layout_small_grid, elwin_shoals_entry_rooms,
          guppyfry_snake_entry_island
Lair:3:   layout_cave_shapes
Lair:4:   layout_loops_ring, serial_bayou_lagoon_a
Lair:5:   layout_cave_pods, slime_dummy, chequers_serial_rivers_micro_d,
          worms_lemuel

Skill      XL: |  1  2  3  4  5  6  7  8  9 10 11 12 13 |
---------------+----------------------------------------+-----
Spellcasting   | 2 3 5 6 |  6.0
Stealth        | 3 4 5 6 7 |  7.2
Fighting       | 1 2 3 5 6 |  6.6
Necromancy     | 5 6 8 10 11 12 | 12.4
Axes           | 1 2 3 4 7 10 12 13 16 18 | 18.2
Dodging        | 3 4 5 6 |  6.0
Invocations    | 4 6 |  6.0
Ice Magic      | |  0.4

Action                   |  1- 3 |  4- 6 |  7- 9 | 10-12 | 13-15 || total
-------------------------+-------+-------+-------+-------+-------++-------
Melee: Unarmed           |     4 |       |       |       |       ||     4
       Short sword       |     4 |       |       |       |       ||     4
       War axe           |       |    50 |       |       |       ||    50
       Punch             |       |     2 |       |       |       ||     2
       Battleaxe         |       |       |    54 |       |       ||    54
       Executioner's axe |       |       |    36 |   285 |    59 ||   380
 Fire: Hunting sling     |       |       |       |     5 |     6 ||    11
Throw: Stone             |     1 |       |       |       |       ||     1
       Boomerang         |       |       |       |     2 |       ||     2
 Cast: Pain              |    67 |    38 |    37 |    57 |    12 ||   211
       Animate Skeleton  |     3 |     8 |     4 |     3 |       ||    18
       Vampiric Draining |     8 |    32 |    45 |   198 |    58 ||   341
       Anguish           |       |       |       |    17 |     1 ||    18
       Agony             |       |       |       |    13 |     6 ||    19
       Animate Dead      |       |       |       |    10 |     5 ||    15
       Ozocubu's Armour  |       |       |       |     2 |     1 ||     3
Invok: Lesser Servant of |       |       |       |     1 |     1 ||     2
       Minor Destruction |       |       |       |       |     2 ||     2
Evoke: Wand              |       |       |       |     5 |     6 ||    11
  Use: Scroll            |     1 |     7 |     8 |    13 |     1 ||    30
       Potion            |       |       |     1 |     6 |       ||     7
 Stab: Sleeping          |       |       |     5 |    20 |     5 ||    30
       Distracted        |       |       |       |     3 |       ||     3
       Invisible         |       |       |       |     2 |       ||     2
Armor: Robe              |    10 |       |    16 |   251 |    56 ||   333
       Leather armour    |       |    36 |    40 |       |       ||    76
Dodge: Dodged            |    26 |    57 |   107 |   377 |    75 ||   642
